 Dungeon Crawl Stone Soup version 0.30-a0-540-g0af01429fa (webtiles) character file.

Game seed: 18421803107304522206

244 Scypho the Insei (level 5, -2/38 HPs)
             Began as a Demonspawn Gladiator on Dec 26, 2022.
             Slain by Blork the orc
             ... wielding a +0 short sword
              (6 damage)
             ... on level 4 of the Dungeon.
             The game lasted 00:05:10 (2723 turns).

Scypho the Insei (Demonspawn Gladiator)             Turns: 2723, Time: 00:05:11

Health: -2/38      AC:  4    Str: 14    XL:     5   Next: 83%
Magic:  5/5        EV: 12    Int: 10    God:
Gold:   161        SH:  0    Dex: 16    Spells: 4/4 levels left

rFire   . . .      SeeInvis .      - Unarmed
rCold   . . .      Faith    .    (no shield)
rNeg    . . .      Spirit   .    a - +0 leather armour
rPois   .          Reflect  .    (helmet restricted)
rElec   .          Harm     .    (no cloak)
rCorr   .          Rampage  .    i - +0 pair of gloves
Will    .....                    (no boots)
Stlth   +                        (no amulet)
HPRegen 0.26/turn                (no ring)
MPRegen 0.09/turn                (no ring)

@: no status effects
A: horns 1
a: no special abilities


You were on level 4 of the Dungeon.
You visited 1 branch of the dungeon, and saw 4 of its levels.

You collected 161 gold pieces.

Inventory:

Missiles
 c - 3 throwing nets (quivered)
 d - a javelin
Armour
 a - a +0 leather armour (worn)
 b - a +0 helmet
 i - a +0 pair of gloves (worn)
Jewellery
 m - a +6 ring of dexterity
Scrolls
 e - a scroll of enchant weapon {unknown}
 f - 3 scrolls of identify {unknown}
 g - a scroll of blinking {unknown}
 h - 2 scrolls of vulnerability {unknown}
 j - 2 scrolls of poison {unknown}
 k - a scroll of immolation {unknown}
 o - a scroll of magic mapping {unknown}
Potions
 l - a potion of heal wounds {unknown}
 n - 2 potions of degeneration {unknown}


   Skills:
 - Level 2.0 Fighting
 - Level 3.8 Throwing
 - Level 2.6 Dodging
 + Level 4.9 Unarmed Combat


You had 4 spell levels left.
You didn't know any spells.
Your spell library contained the following spells:

 Spells                   Type           Power      Damage    Failure   Level
 Ignite Poison            Fire/Tmut/Pois 0%         N/A       82%         3
 Kindle Blastsparks       Fire/Tloc/Air  0%         2d10      82%         3
 Freezing Cloud           Conj/Ice/Air   0%         6-21      100%        5


Dungeon Overview and Level Annotations

Branches:
Dungeon (3/15)

Altars:
Xom

Annotations:
D:4 Blork the orc


Innate Abilities, Weirdness & Mutations

You have a pair of small horns on your head.


Message History

The angel shouts!
Found a ring mail.
Found a shimmering altar of Xom.
Found a lumpy filigree amulet.
The angel rambles incoherently.
Blork the orc comes into view.
He is wielding a +0 short sword.
Blork the orc shouts!
Blork the orc moves out of view.
An orc comes into view. It is wielding a +0 whip.
The angel rambles incoherently.
The orc shouts!
An orc priest comes into view. It is wielding a +0 short sword.
Blork the orc screams, "I'll decorate my home with your organs!"
Blork the orc casts a spell.
Blork the orc seems to speed up.
You start waiting.
Blork the orc is nearby!
Blork the orc gestures at you while chanting.
The magic dart hits you!
You hit Blork the orc.
Blork the orc hits you with a +0 short sword.
You barely miss Blork the orc.
Blork the orc hits you with a +0 short sword!
* * * LOW HITPOINT WARNING * * *
You hit Blork the orc.
Blork the orc hits you with a +0 short sword!
* * * LOW HITPOINT WARNING * * *
Blork the orc completely misses you.
You closely miss Blork the orc. Blork the orc completely misses you.
You barely miss Blork the orc.
Blork the orc hits you with a +0 short sword.
* * * LOW HITPOINT WARNING * * *
Blork the orc screams, "I don't like you!"
Blork the orc hits you with a +0 short sword!
* * * LOW HITPOINT WARNING * * *
You hit Blork the orc. Blork the orc barely misses you.
You hit Blork the orc. Blork the orc closely misses you.
You hit Blork the orc. You headbutt Blork the orc.
Blork the orc hits you with a +0 short sword.
You die...

.P...P .... #o P...
#.# .P. #o# #.. #.#
#.# #.# #.# .. #.#
#@# ...####.####o#
.......o....o########
........######......#
.."..........'......#
...........###......#
....#####..# #......#
##..#..A#..###......#
#._#...#_..........#


You could see Blork the orc (fast) and an orc.

Vanquished Creatures
  Sigmund (D:2)
  Terence (D:2)
  3 adders
  3 dart slugs
  5 endoplasms
  2 giant cockroaches
  3 goblins (D:2)
  A hobgoblin (D:2)
  A quokka (D:1)
  2 ball pythons (D:3)
  5 bats
  A frilled lizard (D:2)
  A kobold (D:1)
  2 rats
31 creatures vanquished.

Vanquished Creatures (others)
  A plant (D:4)
1 creature vanquished.

Grand Total: 32 creatures vanquished

Notes
Turn   | Place    | Note
-------+----------+-------------------------------------------
     0 | D:1      | Scypho the Demonspawn Gladiator began the quest for the
                  | Orb.
     0 | D:1      | Reached XP level 1. HP: 16/16 MP: 1/1
   223 | D:1      | Reached skill level 3 in Unarmed Combat
   233 | D:1      | Gained mutation: You have a pair of small horns on your
                  | head. [demonic ancestry]
   233 | D:1      | Reached XP level 2. HP: 17/22 MP: 2/2
  1354 | D:2      | HP: 1/22 [adder (2)]
  1359 | D:2      | Reached XP level 3. HP: 2/27 MP: 3/3
  1452 | D:2      | Noticed Sigmund
  1502 | D:2      | Killed Sigmund
  1503 | D:2      | Reached skill level 4 in Unarmed Combat
  1503 | D:2      | Reached XP level 4. HP: 17/33 MP: 4/4
  1503 | D:2      | Reached XP level 5. HP: 20/38 MP: 5/5
  1673 | D:2      | Noticed Terence
  1805 | D:2      | Killed Terence
  2686 | D:3      | You fall into a shaft and drop 1 floor!
  2701 | D:4      | Noticed an angel
  2703 | D:4      | Found a shimmering altar of Xom.
  2705 | D:4      | Noticed Blork the orc
  2723 | D:4      | Slain by Blork the orc

Illustrated notes

Levels and vault maps discovered:
D:1:      saegor_arrival_miasma, layout_basic
D:2:      layout_basic, basic_altar, chequers_serial_rivers_large_b,
          amcnicky_mini_pool_small, uniq_terence, uniq_sigmund
D:3:      layout_rooms
D:4:      cheibrodos_old_hovel, layout_basic,
          grunt_temple_overflow_order_and_chaos_1,
          nicolae_hepliaklqana_hazy_memory, mainiacjoe_overflow_catwalk,
          minmay_misc_feat_square, chequers_garden, uniq_blork_the_orc

Skill      XL: |  1  2  3 |
---------------+----------+-----
Throwing       | 2 3 |  3.8
Unarmed Combat | 3 4 |  4.9
Fighting       | |  2.0
Dodging        | |  2.6

Action                   |  1- 3 |  4- 6 || total
-------------------------+-------+-------++-------
Melee: Unarmed           |    78 |    65 ||   143
       Punch             |     3 |       ||     3
       Headbutt          |    11 |    10 ||    21
  Use: Potion            |     2 |       ||     2
 Stab: Sleeping          |       |     1 ||     1
Armor: Leather armour    |    13 |    25 ||    38
Dodge: Dodged            |    42 |    48 ||    90

Table legend: (Time is in decaauts)
 A = Elapsed time spent in this place.
 B = Non-inter-level travel time spent in this place.
 C = Inter-level travel time spent in this place.
 D = Time resting spent in this place.
 E = Time spent auto-exploring this place.
 F = Levels seen in this place.
 G = Mean time per level.
                   A        B        C        D        E       F      G
               +--------+--------+--------+--------+--------+-----+--------+
         Total |   2738 |   2651 |     87 |    305 |   1951 |   4 |  684.5 |
       Dungeon |   2738 |   2651 |     87 |    305 |   1951 |   4 |  684.5 |
               +--------+--------+--------+--------+--------+-----+--------+

Top non-repeatable levels by time:
     D:2: 1508 daAuts
     D:1: 1075 daAuts
     D:3: 118 daAuts
     D:4: 36 daAuts
